 Dungeon Crawl Stone Soup version 0.29.1-1-gd02db6906a (webtiles) character file.

Game seed: 11121169131532971702

7984 Ashen the Frost Mage (level 11, -3/82 (83) HPs)
             Began as a Demonspawn Ice Elementalist on Sept 28, 2022.
             Was an Elder of Vehumet.
             Slain by a death yak (16 damage)
             ... on level 9 of the Dungeon.
             The game lasted 00:24:18 (8681 turns).

Ashen the Frost Mage (Demonspawn Ice Elementalist)  Turns: 8681, Time: 00:24:19

HP:   -3/82 (83)    AC: 22    Str:  8    XL:     11   Next: 3%
MP:   24/24         EV: 14    Int: 22    God:    Vehumet [****..]
Gold: 527           SH:  0    Dex: 13    Spells: 17/28 levels left

rFire   + . .      SeeInvis .   o - +6 shillelagh "Devastator" {shatter}
rCold   . . .      Faith    .   (no shield)
rNeg    . . .      Spirit   .   M - +2 robe {Will+}
rPois   .          Reflect  .   O - +1 hat
rElec   +          Harm     .   (no cloak)
rCorr   .          Rampage  .   r - +2 pair of gloves
Will    +....                   n - +0 pair of boots
Stlth   +++.......              y - amulet of regeneration
HPRegen 1.03/turn               s - ring of protection from fire
MPRegen 0.19/turn               (no ring)

@: ice-armoured, lightly drained
A: antennae 2, thin metallic scales 3, demonic guardian 1, foul stench 1
a: Renounce Religion


You were on level 9 of the Dungeon.
You worshipped Vehumet.
Vehumet was greatly pleased with you.
You visited 2 branches of the dungeon, and saw 10 of its levels.
You also visited: Ossuary.

You collected 527 gold pieces.

Inventory:

Hand Weapons
 o - the +6 shillelagh "Devastator" (weapon) {shatter}
   (You found it on level 2 of the Dungeon)

   It releases a powerful concussive burst when it strikes, dealing extra damage
   to the target and all other foes adjacent to them.
Missiles
 a - a curare-tipped dart
 u - 22 poisoned darts
Armour
 e - a +0 leather armour
 n - a +0 pair of boots (worn)
 r - a +2 pair of gloves (worn)
 M - a +2 robe of willpower (worn)
 O - a +1 hat (worn)
Magical Staves
 J - a staff of air
Jewellery
 s - a ring of protection from fire (left hand)
 y - an amulet of regeneration (around neck)
 E - an amulet of magic regeneration
Wands
 I - a wand of iceblast (27)
 K - a wand of digging (6)
 L - a wand of flame (19)
 N - a wand of paralysis (9)
Scrolls
 c - 3 scrolls of noise
 d - 5 scrolls of amnesia
 f - a scroll of poison
 g - a scroll of silence {unknown}
 h - 2 scrolls of identify
 i - a scroll of immolation
 j - 4 scrolls of vulnerability
 v - 4 scrolls of magic mapping {unknown}
 x - 4 scrolls of teleportation
 A - 2 scrolls of fear {unknown}
 B - a scroll of fog {unknown}
 D - 2 scrolls of blinking {unknown}
 G - a scroll of enchant armour {unknown}
Potions
 b - 2 potions of magic
 k - a potion of lignification
 l - 9 potions of curing
 m - a potion of haste {unknown}
 p - 6 potions of mutation {unknown}
 q - 2 potions of berserk rage {unknown}
 t - 5 potions of attraction
 w - 2 potions of heal wounds {unknown}
 z - 4 potions of might {unknown}
 C - 3 potions of invisibility
 F - 2 potions of brilliance
 H - a potion of cancellation {unknown}


   Skills:
 + Level 6.4 Fighting
 + Level 6.3 Dodging
 - Level 5.0 Stealth
 * Level 9.1 Spellcasting
 * Level 9.5 Ice Magic


You had 17 spell levels left.
You knew the following spells:

 Your Spells              Type           Power      Damage    Failure   Level
a - Freeze                Ice            100%       1d11      1%          1
b - Frozen Ramparts       Ice            100%       1d16      1%          3
c - Ozocubu's Armour      Ice            51%        N/A       1%          3
d - Hailstorm             Conj/Ice       31%        3d8       2%          4

Your spell library contained the following spells:

 Spells                   Type           Power      Damage    Failure   Level
 Fulminant Prism          Conj/Hex       5%         3d7       17%         4
 Foxfire                  Conj/Fire      40%        2x1d6     1%          1
 Conjure Flame            Conj/Fire      10%        6-21      5%          3
 Inner Flame              Hex/Fire       10%        N/A       5%          3
 Flame Wave               Conj/Fire      10%        2d6       17%         4
 Fireball                 Conj/Fire      5%         3d5       41%         5
 Starburst                Conj/Fire      5%         6d4       91%         6
 Ignition                 Fire           5%         3d4       100%        8


Dungeon Overview and Level Annotations

Branches:
Dungeon (9/15)             Temple (1/1) D:5         Ossuary (visited)
   Lair: D:8-11         Orc: D:9-12

Altars:
Ashenzari
Dithmenos
Fedhas
Gozag
Hepliaklqana
Kikubaaqudgha
Nemelex Xobeh
Okawaru
Qazlal
Ru
Sif Muna
Trog
Uskayaw
Vehumet
Wu Jian
Xom
Yredelemnul

Shops:
D:4 (   D:5 :   D:8 [


Innate Abilities, Weirdness & Mutations

You have a pair of antennae on your head.
You are completely covered in thin metallic scales. (AC +4, rElec)
A weak demonic guardian rushes to your aid.
You may rarely emit foul miasma when damaged in melee.


Message History

The hell rat is almost dead.
The death yak is lightly wounded. x3
The death yak barely misses you. The death yak gores you!
Your quasit bites the death yak but does no damage.
Your quasit barely misses the death yak.
Your quasit claws the death yak but does no damage.
The death yak gores you but does no damage. x2
The death yak barely misses you. Really attack near your quasit?
Okay, then.
You hit the death yak but do no damage.
The death yak is lightly wounded.
Your quasit bites the death yak but does no damage.
Your quasit claws the death yak but does no damage. x2
Your quasit bites the death yak but does no damage.
Your quasit claws the death yak but does no damage.
Your quasit barely misses the death yak.
The death yak gores you! The death yak closely misses you.
The death yak barely misses you.
You hit the death yak.
The death yaks and the hell rat shudder.
The death yak is moderately wounded.
You kill the hell rat!
Vehumet accepts your kill.
The death yak is lightly wounded.
The death yak is moderately wounded. x2
Your quasit bites the death yak but does no damage.
Your quasit claws the death yak but does no damage.
Your quasit completely misses the death yak.
The death yak gores you!!
* * * LOW HITPOINT WARNING * * *
The death yak misses you. The death yak gores you!
* * * LOW HITPOINT WARNING * * *
Your quasit bites the death yak but does no damage.
Your quasit claws the death yak but does no damage.
Your quasit barely misses the death yak.
You barely miss the death yak.
The death yak is moderately wounded.
The death yak gores you!
You die...

#...#...# #...#...# #...#...# .
#####...# .. #...# ..# #...#
..#.. #...#
......##########+###...#
.....†Y@....#..........#
....#.YY....#..........#
.....5......'..........#
............#...(......#
............#.........)#
######################......#....
...........#................#....
...........#................#....
...........#................#....


You could see 3 death yaks and a friendly quasit (summoned).

Vanquished Creatures
  Harold (D:9)
  A two-headed ogre (D:8)
  A hornet (D:7)
  A spriggan (D:8)
  4 yaks (D:9)
  Edmund (D:6)
  3 water moccasins
  Duvessa (D:6)
  2 ice beasts
  2 orc warriors (D:8)
  2 sky beasts
  2 black bears (D:5)
  3 centaurs
  2 phantoms
  Blork the orc (D:6)
  2 bullfrogs (D:7)
  A gnoll sergeant (D:7)
  2 wyvern zombies
  2 kobold brigands
  A scorpion (D:5)
  4 necrophages
  2 water moccasin zombies (Ossuary)
  6 wights
  Dowan (D:6)
  14 killer bees
  3 howler monkeys
  2 quasits (D:8)
  4 centaur zombies
  2 hounds (D:4)
  A jelly (D:4)
  5 orc priests
  Crazy Yiuf (D:2)
  5 bullfrog zombies
  4 gnoll boudas
  A human zombie (D:7)
  3 iguanas
  5 orc wizards
  A hell rat (D:9)
  4 killer bee zombies
  25 mummies
  19 gnolls
  13 adders
  A river rat (D:9)
  6 shadow imps (D:8)
  7 white imps
  5 ufetubi
  2 worms (D:3)
  6 dart slugs
  27 orcs
  10 endoplasms
  5 giant cockroaches
  11 goblins
  7 hobgoblins
  6 jackals
  22 kobolds
  7 quokkas
  5 ball pythons
  3 bats
  4 frilled lizards
  3 rats
297 creatures vanquished.

Vanquished Creatures (collateral kills)
  3 killer bees (D:8)
  An orc wizard (D:8)
  A white imp (D:8)
  2 ufetubi (D:8)
7 creatures vanquished.

Vanquished Creatures (others)
  13 demonic plants (D:8)
  A fungus (D:2)
  6 plants
  4 withered plants (Ossuary)
24 creatures vanquished.

Grand Total: 328 creatures vanquished

Notes
Turn   | Place    | Note
-------+----------+-------------------------------------------
     0 | D:1      | Ashen the Demonspawn Ice Elementalist began the quest for
                  | the Orb.
     0 | D:1      | Reached XP level 1. HP: 13/13 MP: 3/3
   163 | D:1      | Found a faded altar of an unknown god.
   388 | D:1      | Gained mutation: You may rarely emit foul miasma when
                  | damaged in melee. [demonic ancestry]
   388 | D:1      | Reached XP level 2. HP: 19/19 MP: 1/5
  1024 | D:1      | Gained mutation: You are partially covered in thin metallic
                  | scales. (AC +2) [demonic ancestry]
  1024 | D:1      | Reached XP level 3. HP: 24/25 MP: 6/6
  1763 | D:2      | Reached skill level 1 in Fighting
  1765 | D:2      | Gained mutation: You have a pair of small antennae on your
                  | head. [demonic ancestry]
  1765 | D:2      | Reached XP level 4. HP: 19/32 MP: 1/8
  1952 | D:2      | Learned a level 3 spell: Frozen Ramparts
  1956 | D:2      | Learned a level 3 spell: Ozocubu's Armour
  3088 | D:2      | Found a runed translucent door.
  3088 | D:2      | Found the +6 shillelagh "Devastator" {shatter}
  3089 | D:2      | Noticed Crazy Yiuf
  3099 | D:2      | Killed Crazy Yiuf
  3100 | D:2      | Reached XP level 5. HP: 28/37 MP: 1/9
  3646 | D:3      | Found an ornate altar of the Wu Jian Council.
  4047 | D:4      | Noticed a phantom
  4193 | D:4      | Found a shadowy altar of Dithmenos.
  4205 | D:4      | Gained mutation: You have a pair of antennae on your head.
                  | [demonic ancestry]
  4205 | D:4      | Reached XP level 6. HP: 44/44 MP: 11/11
  4266 | D:4      | Identified the +0 robe of Undesirable Species {Contam Harm
                  | Int+2 Dex+6}
  4299 | D:4      | Found a sand-covered staircase.
  4310 | Ossuary  | Entered an ossuary
  4332 | Ossuary  | Reached skill level 5 in Ice Magic
  4339 | Ossuary  | Gained mutation: A weak demonic guardian rushes to your
                  | aid. [demonic ancestry]
  4339 | Ossuary  | Reached XP level 7. HP: 37/50 MP: 10/13
  4600 | Ossuary  | Gained mutation: You are mostly covered in thin metallic
                  | scales. (AC +3) [demonic ancestry]
  4600 | Ossuary  | Reached XP level 8. HP: 54/58 MP: 15/15
  4612 | Ossuary  | Reached skill level 5 in Spellcasting
  4863 | D:4      | Learned a level 4 spell: Hailstorm
  5057 | D:4      | Found Pafic's Antique Weapon Shoppe.
  5209 | D:5      | Entered Level 5 of the Dungeon
  5259 | D:5      | Found a basalt altar of Yredelemnul.
  5272 | D:5      | Found a broken altar of Ashenzari.
  5316 | D:5      | Found a staircase to the Ecumenical Temple.
  5495 | D:5      | Found an opulent altar of Gozag.
  5758 | D:5      | Found Vadd's Tremendous Tomes.
  5986 | Temple   | Entered the Ecumenical Temple
  6003 | Temple   | Became a worshipper of Vehumet
  6192 | D:6      | Reached XP level 9. HP: 54/65 MP: 14/18
  6286 | D:6      | Noticed Duvessa
  6286 | D:6      | Noticed Dowan
  6294 | D:6      | Killed Dowan
  6297 | D:6      | Killed Duvessa
  6298 | D:6      | Reached skill level 5 in Stealth
  6312 | D:6      | Noticed Blork the orc
  6337 | D:6      | Killed Blork the orc
  6469 | D:6      | Noticed Edmund
  6474 | D:6      | Reached * piety under Vehumet
  6474 | D:6      | Offered knowledge of Magic Dart by Vehumet.
  6479 | D:6      | Killed Edmund
  6834 | D:7      | Found a bloodstained altar of Trog.
  6834 | D:7      | Found an iron altar of Okawaru.
  6834 | D:7      | Found a hide-covered altar of Uskayaw.
  6835 | D:7      | Found a sacrificial altar of Ru.
  6859 | D:7      | HP: 3/66 [gnoll/+0 spear[a gnoll sergeant] (3)]
  6863 | D:7      | Reached skill level 5 in Dodging
  6865 | D:7      | Reached skill level 5 in Fighting
  7050 | D:7      | Found an ancient bone altar of Kikubaaqudgha.
  7059 | D:7      | Offered knowledge of Shock by Vehumet.
  7060 | D:7      | Reached ** piety under Vehumet
  7200 | D:7      | Gained mutation: You are completely covered in thin
                  | metallic scales. (AC +4, rElec) [demonic ancestry]
  7200 | D:7      | Reached XP level 10. HP: 73/74 MP: 21/21
  7526 | D:8      | Offered knowledge of Ignite Poison by Vehumet.
  7660 | D:8      | Reached *** piety under Vehumet
  7682 | D:8      | Noticed a two-headed ogre
  7694 | D:8      | Killed a two-headed ogre
  7759 | D:8      | Found Otejuut's Armour Shop.
  7959 | D:8      | Found a stormy altar of Qazlal.
  8163 | D:8      | Offered knowledge of Fulminant Prism by Vehumet.
  8370 | D:9      | Noticed Harold
  8383 | D:9      | Killed Harold
  8427 | D:9      | Found a blossoming altar of Fedhas.
  8475 | D:9      | Reached XP level 11. HP: 68/83 MP: 21/24
  8480 | D:9      | Reached **** piety under Vehumet
  8668 | D:9      | Noticed a death yak
  8670 | D:9      | Noticed a death yak
  8671 | D:9      | Noticed a death yak
  8681 | D:9      | Slain by a death yak

Illustrated notes

Levels and vault maps discovered:
D:1:      saegor_arrival_fortress, layout_rooms, shapermc_ecumenical_altar_gd
D:2:      minmay_recursive_quarters, layout_loops_ring, minmay_split_cup_small,
          uniq_crazy_yiuf_cottage
D:3:      kennysheep_six_static_rooms, layout_basic, mainiacjoe_overflow_paths,
          corexii_hall_statues_l
D:4:      layout_cave_pools, nicolae_dithmenos_the_darkroom, serial_shops,
          nicolae_shop_advertising_works [nicolae_subvault_shop_adworks],
          enter_ossuary_1
D:5:      layout_rooms, grunt_temple_overflow_gold_and_silver,
          yredelemnul_altar_generic, mainiacjoe_overflow_concentric_impassable,
          minmay_temple_entry_junction, serial_rivers,
          chequers_serial_rivers_large_a, chequers_serial_rivers_room_a,
          chequers_serial_rivers_small_a, chequers_serial_rivers_large_b,
          minmay_misc_feat_chi, kennysheep_diamond, serial_bayou_ford_a,
          nicolae_shop_i_like_big_books
D:6:      layout_basic, interstate_on_off, kennysheep_small_square,
          uniq_blork_the_orc, uniq_duvessa, uniq_edmund
D:7:      layout_gridville, lemuel_mausoleum_altar_kikubaaqudgha,
          chequers_temple_overflow_statue_of_worship, nicolae_grassy_gnolls
D:8:      layout_loops_cross, kennysheep_mini, serial_demonic, serial_demonic_e,
          serial_demonic_c, serial_demonic_a, serial_demonic_g,
          serial_demonic_g, serial_demonic_b, serial_demonic_a,
          serial_demonic_e, serial_shops, nicolae_shop_statue_plus,
          hangedman_decor_peaks_small, roderic_cross_of_infinity, the_hattery
D:9:      layout_grid_maze, general_overflow_altar, nzn_makhleb_speed_demon,
          kennysheep_mini_moat, dpeg_lair_monsters, eino_jars, uniq_harold
Temple:   hellmonk_temple_two_chambers

Skill      XL: |  1  2  3  4  5  6  7  8  9 10 |
---------------+-------------------------------+-----
Stealth        | 2 3 4 5 |  5.0
Dodging        | 2 3 4 5 6 |  6.3
Ice Magic      | 4 5 6 8 9 |  9.5
Fighting       | 1 2 3 4 5 6 |  6.4
Spellcasting   | 3 4 6 7 9 |  9.1

Action                   |  1- 3 |  4- 6 |  7- 9 | 10-12 || total
-------------------------+-------+-------+-------+-------++-------
Melee: Unarmed           |    16 |       |       |       ||    16
       Short sword       |    33 |    62 |       |       ||    95
       Punch             |       |     2 |     2 |       ||     4
       Shillelagh        |       |    67 |   217 |   133 ||   417
 Cast: Freeze            |    35 |    15 |     5 |       ||    55
       Frozen Ramparts   |       |     3 |     1 |     5 ||     9
       Ozocubu's Armour  |       |     2 |     6 |     8 ||    16
       Hailstorm         |       |       |     1 |       ||     1
Evoke: Wand              |       |       |       |     1 ||     1
  Use: Scroll            |       |     9 |     2 |       ||    11
       Potion            |       |       |     2 |       ||     2
 Stab: Sleeping          |     2 |     1 |     8 |     2 ||    13
Armor: Robe              |    11 |    49 |   133 |   119 ||   312
Dodge: Dodged            |    52 |    85 |   210 |   151 ||   498
